 Dungeon Crawl Stone Soup version 0.30-a0-605-gb2882149bf (webtiles) character file.

Game seed: 16517605747899919746

23 wormed the Caller (level 2, -8/11 HPs)
             Began as a Felid Summoner on Jan 7, 2023.
             Killed from afar by Ijyb (11 damage)
             ... with a puff of flame
             ... on level 2 of the Dungeon.
             The game lasted 00:04:22 (1344 turns).

wormed the Caller (Felid Summoner)                  Turns: 1344, Time: 00:04:22

Health: -8/11      AC:  1    Str:  4    XL:     2   Next: 75%
Magic:  1/6        EV: 17    Int: 16    God:
Gold:   95         SH:  0    Dex: 16    Spells: 5/6 levels left
                                        Lives:  0   Deaths: 0

rFire   . . .      SeeInvis +    (weapon unavailable)
rCold   . . .      Faith    .    (shield unavailable)
rNeg    . . .      Spirit   .    (body armour unavailable)
rPois   .          Reflect  .    (helmet unavailable)
rElec   .          Harm     .    (cloak unavailable)
rCorr   .          Rampage  .    (gloves unavailable)
Will    .....                    (boots unavailable)
Stlth   ++                       (no amulet)
HPRegen 0.21/turn                (no ring)
MPRegen 0.10/turn                (no ring)

@: quick
A: very small, claws 1, fangs 3, see invisible, speed 1, shaggy fur 1, stealthy
paws, no weapons or thrown items, no armour, multi-lived
a: no special abilities


You were on level 2 of the Dungeon.
You visited 1 branch of the dungeon, and saw 2 of its levels.

You collected 95 gold pieces.

Inventory:

Scrolls
 c - 2 scrolls of identify {unknown}
 d - a scroll of teleportation {unknown}
 e - a scroll of silence {unknown}
 f - 2 scrolls of poison {unknown}
Potions
 a - a potion of magic
 b - a potion of flight {unknown}
 g - 2 potions of invisibility {unknown}


   Skills:
 - Level 2.6 Dodging
 - Level 2.6 Stealth
 + Level 2.6 Spellcasting
 + Level 4.4 Summonings


You had 5 spell levels left.
You knew the following spells:

 Your Spells              Type           Power      Damage    Failure   Level
a - Summon Small Mammal   Summ           64%        N/A       3%          1

Your spell library contained the following spells:

 Spells                   Type           Power      Damage    Failure   Level
 Call Imp                 Summ           16%        N/A       4%          2
 Call Canine Familiar     Summ           16%        N/A       10%         3
 Freeze                   Ice            8%         1d3       21%         1
 Summon Guardian Golem    Hex/Summ       9%         N/A       24%         3
 Dazzling Flash           Conj/Hex       4%         N/A       52%         3
 Frozen Ramparts          Ice            4%         1d1       52%         3
 Hailstorm                Conj/Ice       2%         3d3       52%         3
 Summon Lightning Spire   Summ/Air       9%         N/A       61%         4
 Iskenderun's Mystic Bla  Conj/Tloc      2%         2d3       89%         4
 Blade Hands              Tmut           1%         N/A       99%         5
 Irradiate                Conj/Tmut      1%         3d12      99%         5
 Starburst                Conj/Fire      1%         6d3       100%        6
 Dragon Form              Tmut           1%         N/A       100%        7


Dungeon Overview and Level Annotations

Branches:
Dungeon (2/15)

Altars:

Annotations:
D:2 Ijyb


Innate Abilities, Weirdness & Mutations

You have sharp claws.
You have razor-sharp teeth.
You have supernaturally acute eyesight. (SInv)
You cover ground quickly. (Speed+)
You are covered in fur. (AC +1)
Your paws help you pounce on unaware monsters.
You are incapable of wielding weapons or throwing items.
You cannot wear armour.
You gain extra lives every three experience levels.


Message History

Casting: Summon Small Mammal (safe; 3% risk of failure)
Confirm with . or Enter, or press ? or * to list all spells.
You swap places.
Your bat closely misses the goblin.
The goblin completely misses your bat.
Casting: Summon Small Mammal (safe; 3% risk of failure)
Confirm with . or Enter, or press ? or * to list all spells.
You swap places.
The goblin barely misses your bat.
The goblin hits your bat with a +0 dagger.
Your bat misses the goblin. Your bat hits the goblin.
The goblin hits your bat with a +0 dagger.
Your bat dies!
Your bat's corpse disappears in a puff of smoke!
The goblin closely misses your rat.
Your rat bites the goblin.
The goblin dies!
Casting: Summon Small Mammal (safe; 3% risk of failure)
Confirm with . or Enter, or press ? or * to list all spells.
You swap places.
Your rat bites Ijyb but does no damage.
Your rat closely misses the goblin.
The goblin hits your rat with a +0 club.
Your rat dies!
Your rat's corpse disappears in a puff of smoke!
Ijyb zaps a wand.
The puff of flame hits your rat!
Your rat dies!
Your rat's corpse disappears in a puff of smoke!
Casting: Summon Small Mammal (safe; 3% risk of failure)
Confirm with . or Enter, or press ? or * to list all spells.
Ijyb zaps a wand.
The puff of flame hits you!
Ouch! That really hurt!
* * * LOW HITPOINT WARNING * * *
Your quokka bites Ijyb.
Ijyb screams, "You nasty!
Big nasty!"
Ijyb hits your quokka with a +0 dagger.
Your quokka bites Ijyb.
Ijyb hits your quokka with a +0 dagger.
Your quokka dies!
Your quokka's corpse disappears in a puff of smoke!
Ijyb zaps a wand.
The puff of flame hits you!
Ouch! That really hurt!
You die...

### #.##.. #.##.# ######
#.##.### #....### #.##...######
#'##...## #.##.........
##.####..# #.##.#<......
##...####.# #.##.#.######
######.....###@####÷##g#.######
#.......8...+.......§gg....)...
#.#####)..###...###.###########
#...##.##.# #... #...#(. #.#
###.# # #.<.#.. #.# .# # #...#.
#.# # # #####. #.# # #.. ###


You could see Ijyb.

Vanquished Creatures
  A bat (D:1)
1 creature vanquished.

Vanquished Creatures (collateral kills)
  A worm (D:2)
  A dart slug (D:1)
  An endoplasm (D:2)
  A giant cockroach (D:2)
  3 hobgoblins (D:1)
  2 jackals (D:1)
  2 quokkas
  A bat (D:1)
  A frilled lizard (D:1)
  A goblin (D:2)
  2 kobolds
  A rat (D:1)
17 creatures vanquished.

Grand Total: 18 creatures vanquished

Notes
Turn   | Place    | Note
-------+----------+-------------------------------------------
     0 | D:1      | wormed the Felid Summoner began the quest for the Orb.
     0 | D:1      | Reached XP level 1. HP: 7/7 MP: 4/4
   484 | D:1      | Reached XP level 2. HP: 11/11 MP: 1/6
  1298 | D:2      | Noticed Ijyb
  1344 | D:2      | Killed from afar by Ijyb

Illustrated notes

Levels and vault maps discovered:
D:1:      reono_arrival_mine, layout_basic, serial_curves, eino_curves_02,
          eino_curves_01, eino_curves_03, eino_curves_01, grunt_decor_cap
D:2:      kennysheep_the_goblin_king, layout_basic, grunt_ministairs_14,
          uniq_terence

Action                   || total
-------------------------++-------
Melee: Unarmed           ||     4
       Bite              ||     1
 Cast: Summon Small Mamm ||    52
Armor: Skin              ||     3
Dodge: Dodged            ||    19

Table legend: (Time is in decaauts)
 A = Elapsed time spent in this place.
 B = Non-inter-level travel time spent in this place.
 C = Inter-level travel time spent in this place.
 D = Time resting spent in this place.
 E = Time spent auto-exploring this place.
 F = Levels seen in this place.
 G = Mean time per level.
                   A        B        C        D        E       F      G
               +--------+--------+--------+--------+--------+-----+--------+
         Total |   1173 |   1131 |     42 |      0 |    786 |   2 |  586.5 |
       Dungeon |   1173 |   1131 |     42 |      0 |    786 |   2 |  586.5 |
               +--------+--------+--------+--------+--------+-----+--------+

Top non-repeatable levels by time:
     D:1: 874 daAuts
     D:2: 298 daAuts
